 Dungeon Sprint DCSS version 0.29.1-2-gbd0b4ee654 (webtiles) character file.

Game seed: 6531788600747243306

1386 Zeld the Cleaver (level 8, 0/72 HPs)
             Began as a Minotaur Berserker on Oct 27, 2022.
             Was a Priest of Trog.
             Succumbed to a water moccasin's poison
             ... in the Dungeon (Sprint II: "The Violet Keep of Menkaure").
             The game lasted 00:03:24 (1041 turns).

Zeld the Cleaver (Minotaur Berserker)               Turns: 1041, Time: 00:03:24

Health: 0/72       AC:  2    Str: 24      XL:     8   Next: 40%
Magic:  4/7        EV: 14    Int:  0 (4)  God:    Trog [***...]
Gold:   254        SH:  5    Dex:  8      Spells: 7/7 levels left

rFire   . . .      SeeInvis .   a - +0 hand axe
rCold   . . .      Faith    .   (no shield)
rNeg    . . .      Spirit   .   b - +0 animal skin
rPois   .          Reflect  +   (helmet restricted)
rElec   .          Harm     .   (no cloak)
rCorr   .          Rampage  .   (no gloves)
Will    ++...      NoTele   +   (no boots)
Stlth   +.........              c - amulet of reflection
HPRegen 1.22/turn               d - ring of flight
MPRegen 0.10/turn               (no ring)

@: lethally poisoned (0 -> -1), strong-willed, on berserk cooldown, flying,
contaminated, regenerating, hasted and slowed, lost intelligence, glowing,
unable to read
A: horns 2, retaliatory headbutt, clumsy 1, deterioration 1, frail 1, inability
to drink after injury 1
a: Renounce Religion, Berserk, Trog's Hand


You were in the Dungeon.
You worshipped Trog.
Trog was most pleased with you.
You visited 1 branch You collected 729 gold pieces.
You spent 475 gold pieces at shops.

Inventory:

Hand Weapons
 a - a +0 hand axe (weapon)
Armour
 b - a +0 animal skin (worn)
Jewellery
 c - an amulet of reflection (around neck)
 d - a ring of flight (left hand)
Scrolls
 h - a scroll of blinking
Potions
 f - 2 potions of magic
 g - a potion of berserk rage


   Skills:
 + Level 10.7 Fighting
 * Level 14.4 Axes
 + Level 10.4 Armour
 + Level 9.5 Dodging


You had 7 spell levels left.
You didn't know any spells.
Your spell library was empty.

Dungeon Overview and Level Annotations

Branches:
Dungeon (1/1)

Altars:

Shops:
D [*::((=!?==[!:[

Annotations:
D exclusions: oklob plant and orange crystal statue


Innate Abilities, Weirdness & Mutations

You have a pair of horns on your head.
You reflexively headbutt those who attack you in melee.
You are clumsy. (Dex -2)
Your body sometimes deteriorates upon taking damage.
You are frail. (-10% HP)
You occasionally lose the ability to drink potions when taking damage.


Message History

The water moccasin poisons you! The water moccasin bites you.
You feel sick. The water moccasin bites you!
You are more poisoned.
The water moccasin poisons you!
The walls and floor vibrate strangely for a moment.
You feel very sick. The water moccasin bites you.
You are lethally poisoned!
The water moccasin poisons you!
You can move again.
You hit the water moccasin.
Your headbutt misses the water moccasin.
The water moccasin is heavily wounded.
You feel extremely sick. The water moccasin bites you.
* * * LOW HITPOINT WARNING * * *
The water moccasin misses you. You furiously retaliate!
You headbutt the water moccasin! You hit the water moccasin.
You kill the water moccasin!
Trog accepts your kill.
* * * LOW HITPOINT WARNING * * *
You feel very sick.
Unknown command.
Unknown command.
* * * LOW HITPOINT WARNING * * *
You feel extremely sick.
Unknown command.
* * * LOW HITPOINT WARNING * * *
You feel very sick.
Unknown command.
There is a lethal amount of poison in your body!
Okay, then.
You feel yourself speed up.
* * * LOW HITPOINT WARNING * * *
You feel very sick.
Unknown command.
Your skin crawls.
You feel strong-willed.
You die...

##§≈§≈§≈≈§§##
+§§≈≈≈8≈§≈≈≈#
##≈≈≈§§≈≈≈≈##
~##§≈≈≈≈≈≈##
######~~#'§'#+++##
#####~~~..§§.....#
...∩#~~~~§##'##..#
..∩.#~~~~##...##.####
.∩.∩#~~~~#.##..#@...#
∩.∩.#~~####.######..#
.∩..#~##.###'# #..#
∩...#~#.#.##.## ..#
....'~'###÷.<.+ .#
....#~#.#.##.## §
▓▓###~##.###'## §§
#####~~####...## G
##~~~#.)#..#


There were no monsters in sight!

Vanquished Creatures
  A merfolk siren (D)
  2 wyverns (D)
  4 neqoxecs (D)
  Menkaure (D)
  A water moccasin (D)
9 creatures vanquished.

Vanquished Creatures (others)
  A blink frog (D)
1 creature vanquished.

Grand Total: 10 creatures vanquished

Notes
Turn   | Place    | Note
-------+----------+-------------------------------------------
     0 | D        | Zeld the Minotaur Berserker began the quest for the Orb.
     0 | D        | Reached XP level 1. HP: 19/19 MP: 0/0
     1 | D        | Noticed a neqoxec
     1 | D        | Noticed a neqoxec
     4 | D        | Killed a neqoxec
     4 | D        | Gained mutation: You are clumsy. (Dex -2) [a neqoxec]
     5 | D        | Reached skill level 8 in Axes
     5 | D        | Reached skill level 5 in Armour
     5 | D        | Reached skill level 5 in Dodging
     5 | D        | Reached XP level 2. HP: 30/30 MP: 1/1
     5 | D        | Reached XP level 3. HP: 37/37 MP: 2/2
     5 | D        | Reached XP level 4. HP: 44/44 MP: 3/3
    12 | D        | Killed a neqoxec
    13 | D        | Reached skill level 10 in Axes
    13 | D        | Reached XP level 5. HP: 52/52 MP: 4/4
    25 | D        | Noticed a neqoxec
    39 | D        | Killed a neqoxec
    39 | D        | Reached ** piety under Trog
    40 | D        | Reached skill level 11 in Axes
    40 | D        | Reached XP level 6. HP: 9/61 MP: 5/5
   258 | D        | Noticed a neqoxec
   258 | D        | Noticed a merfolk siren
   262 | D        | Killed a neqoxec
   278 | D        | Killed a merfolk siren
   279 | D        | Reached skill level 13 in Axes
   279 | D        | Reached XP level 7. HP: 39/71 MP: 6/6
   332 | D        | Noticed an orange crystal statue
   539 | D        | Noticed Menkaure
   547 | D        | Killed Menkaure
   547 | D        | Reached *** piety under Trog
   548 | D        | Reached skill level 10 in Fighting
   714 | D        | Noticed a wyvern
   714 | D        | Noticed a wyvern
   719 | D        | Killed a wyvern
   720 | D        | Reached XP level 8. HP: 79/79 MP: 7/7
   724 | D        | Reached skill level 14 in Axes
   724 | D        | Reached skill level 10 in Armour
   762 | D        | Found Jace's Jewellery Emporium.
   762 | D        | Found Otuchohe's Distillery.
   762 | D        | Found Douroty's Distillery.
   762 | D        | Found Robb's Antique Armour Emporium.
   762 | D        | Found Udufanux's Jewellery Shoppe.
   762 | D        | Found Casue's Antique Armour Shoppe.
   762 | D        | Found Ita Rif's Book Shoppe.
   763 | D        | Found Waom's Magic Scroll Emporium.
   764 | D        | Found Bunlal's Jewellery Shoppe.
   764 | D        | Found Bosmiaqu's Antique Weapon Emporium.
   764 | D        | Noticed a blink frog
   916 | D        | Killed a blink frog
   922 | D        | Found Gukkaig's Antique Weapon Emporium.
   922 | D        | Found Mothrekh's Book Shoppe.
   922 | D        | Noticed an ice dragon
   922 | D        | Noticed an oklob plant
   923 | D        | Found Osusooric's General Store.
   923 | D        | Found Fegaf's Book Shoppe.
   923 | D        | Found Xanid's Antique Armour Emporium.
   925 | D        | Noticed a polar bear
   925 | D        | Noticed a polar bear
   974 | D        | Noticed a shining eye
   976 | D        | Bought an amulet of reflection for 300 gold pieces
   981 | D        | Bought a ring of flight for 175 gold pieces
  1014 | D        | Gained mutation: You are frail. (-10% HP) [mutagenic glow]
  1023 | D        | Gained mutation: Your body sometimes deteriorates upon
                  | taking damage. [mutagenic glow]
  1032 | D        | Lost intelligence.
  1032 | D        | Gained mutation: You occasionally lose the ability to drink
                  | potions when taking damage. [mutagenic glow]
  1039 | D        | HP: 3/72 [poisoned by a water moccasin]
  1040 | D        | HP: 1/72 [poisoned by a water moccasin]
  1041 | D        | Succumbed to a water moccasin's poison

Illustrated notes

Levels and vault maps discovered:
D:        the_violet_keep_of_menkaure [sprint2_stairs_cluster_1,
          sprint2_shoproom, sprint2_temple, sprint2_basic_supplies,
          sprint2_obstacle_7, sprint2_obstacle_6, sprint2_obstacle_4,
          sprint2_obstacle_3, sprint2_obstacle_5, sprint2_timed_cluster_1,
          sprint2_smallroom_cluster_1, sprint2_smallroom_final_cluster_1,
          sprint2_transparent_cluster_1, sprint2_second_timed_cluster_1,
          sprint2_sniper_area_1, sprint2_heavy_combat_area_1,
          sprint2_mutation_trap_area_1, sprint2_forest_area_1,
          sprint2_light_combat_area_1, sprint2_behind_water_1,
          sprint2_near_end_vault_1]

Skill      XL: |  1  2  3  4  5  6  7  8 |
---------------+-------------------------+-----
Fighting       | 6 7 8 9 10 | 10.7
Axes           | 8 10 11 13 14 | 14.4
Armour         | 5 6 7 9 10 | 10.4
Dodging        | 5 6 7 8 9 |  9.5

Action                   |  1- 3 |  4- 6 |  7- 9 || total
-------------------------+-------+-------+-------++-------
Melee: Hand axe          |     2 |    33 |    22 ||    57
       Headbutt          |       |     5 |     4 ||     9
Invok: Berserk           |     1 |       |     3 ||     4
       Trog's Hand       |       |     2 |     1 ||     3
  Use: Potion            |       |     2 |     1 ||     3
Armor: Animal skin       |       |     2 |     1 ||     3
Dodge: Dodged            |       |     7 |     9 ||    16
